 Dungeon Crawl Stone Soup version 0.29.0-11-gd7f09526c8 (webtiles) character file.

Game seed: 1474117206343802002

7149 SensoryNuts the Severer (level 11, 0/95 HPs)
             Began as a Hill Orc Fighter on Sept 6, 2022.
             Slain by a two-headed ogre
             ... wielding a +0 giant spiked club
              (8 damage)
             ... on level 10 of the Dungeon.
             The game lasted 00:13:36 (11390 turns).

SensoryNuts the Severer (Hill Orc Fighter)         Turns: 11390, Time: 00:13:37

Health: 0/95       AC: 17    Str: 24    XL:     11   Next: 10%
Magic:  11/11      EV:  6    Int:  8    God:
Gold:   165        SH:  9    Dex: 10    Spells: 10/10 levels left

rFire   . . .      SeeInvis .   r - +2 war axe (elec)
rCold   . . .      Faith    .   d - +0 kite shield
rNeg    . . .      Spirit   .   t - +1 plate armour
rPois   .          Reflect  .   o - +0 helmet
rElec   .          Harm     .   w - +0 cloak
rCorr   +          Rampage  .   (no gloves)
Will    .....                   (no boots)
Stlth   ..........              (no amulet)
HPRegen 0.25/turn               n - ring of resist corrosion
MPRegen 0.12/turn               (no ring)

@: flying
A: no striking features
a: no special abilities


You were on level 10 of the Dungeon.
You visited 2 branches of the dungeon, and saw 11 of its levels.
You also visited: Ossuary.

You collected 681 gold pieces.
You spent 516 gold pieces at shops.

Inventory:

Hand Weapons
 a - a +0 war axe of electrocution
 r - a +2 war axe of electrocution (weapon)
Missiles
 b - 3 throwing nets
Armour
 d - a +0 kite shield (worn)
 o - a +0 helmet (worn)
 t - a +1 plate armour (worn)
 w - a +0 cloak (worn)
Jewellery
 n - a ring of resist corrosion (left hand)
Wands
 e - a wand of polymorph (5) (quivered)
 u - a wand of paralysis (11)
Scrolls
 h - 3 scrolls of teleportation
 j - a scroll of identify
 k - a scroll of fog
 s - 3 scrolls of magic mapping
 z - a scroll of fear
Potions
 c - 4 potions of attraction
 f - a potion of cancellation
 g - a potion of invisibility
 i - 3 potions of brilliance
 l - 6 potions of curing
 m - 3 potions of degeneration
 v - 4 potions of mutation {unknown}
 A - a potion of haste {unknown}
 B - a potion of lignification {unknown}


   Skills:
 + Level 8.8 Fighting
 * Level 16.4 Axes
 + Level 7.8 Armour
 + Level 1.5 Dodging
 + Level 0.8 Stealth
 + Level 6.3 Shields
 + Level 0.5 Evocations


You had 10 spell levels left.
You didn't know any spells.
Your spell library contained the following spells:

 Spells                   Type           Power      Damage    Failure   Level
 Foxfire                  Conj/Fire      0%         2x1d4     100%        1
 Slow                     Hex            0%         N/A       100%        1
 Ensorcelled Hibernation  Hex/Ice        0%         N/A       100%        2
 Passwall                 Tmut/Erth      0%         N/A       100%        2
 Confusing Touch          Hex            0%         N/A       100%        3
 Conjure Flame            Conj/Fire      0%         6-21      100%        3
 Dazzling Flash           Conj/Hex       0%         N/A       100%        3
 Inner Flame              Hex/Fire       0%         N/A       100%        3
 Swiftness                Air            0%         N/A       100%        3
 Vampiric Draining        Necr           0%         2d6       100%        3
 Cause Fear               Hex            0%         N/A       100%        4
 Flame Wave               Conj/Fire      0%         2d4       100%        4
 Summon Ice Beast         Ice/Summ       0%         N/A       100%        4
 Alistair's Intoxication  Tmut/Pois      0%         N/A       100%        5
 Borgnjor's Vile Clutch   Necr/Erth      0%         N/A       100%        5
 Freezing Cloud           Conj/Ice/Air   0%         6-21      100%        5
 Eringya's Noxious Bog    Tmut/Pois      0%         N/A       100%        6
 Simulacrum               Ice/Necr       0%         N/A       100%        6
 Dragon Form              Tmut           0%         N/A       100%        7
 Dragon's Call            Summ           0%         N/A       100%        9
 Polar Vortex             Ice            0%         N/A       100%        9


Dungeon Overview and Level Annotations

Branches:
Dungeon (10/15)            Temple (1/1) D:6            Lair (0/5) D:9
Ossuary (visited)
    Orc: D:9-12

Altars:
Ashenzari
Cheibriados
Dithmenos
Elyvilon
Fedhas
Gozag
Hepliaklqana
Kikubaaqudgha
Makhleb
Nemelex Xobeh
Okawaru
Qazlal
Ru
Sif Muna
Trog
Uskayaw
Vehumet
Wu Jian
Xom
Yredelemnul
Zin
The Shining One

Shops:
D:2 (=[(   D:8 *

Annotations:
D:7 2 transporters, zureal's ghost, novice GrFi
D:9 2 transporters
Temple 4 transporters


Message History

The two-headed ogre is heavily wounded.
You slash the gnoll! You hit the gnoll.
You kill the gnoll!
You hit the two-headed ogre.
The two-headed ogre hits you with a +0 giant spiked club!!
The two-headed ogre hits you but does no damage.
You slash the two-headed ogre!
The two-headed ogre is severely wounded.
You hit the two-headed ogre.
The two-headed ogre is severely wounded.
You barely miss the gnoll.
The two-headed ogre hits you but does no damage.
The two-headed ogre hits you with a +0 giant club!
You block the gnoll's attack.
You hit the two-headed ogre.
The two-headed ogre is severely wounded.
You barely miss the gnoll. The gnoll hits you with a +0 flail!
The two-headed ogre closely misses you.
The two-headed ogre completely misses you.
There are monsters nearby!
Unknown command.
You feel much better.
A gnoll comes into view. It is wielding a +0 spear.
The gnoll closely misses you.
The gnoll is no longer moving quickly.
Things that are here:
a +0 spear; a +0 scale mail
Found a viscous yellow potion.
The two-headed ogre easily resists.
The two-headed ogre hits you with a +0 giant spiked club!!
The two-headed ogre hits you with a +0 giant club!
The gnoll hits you with a +0 flail.
You are too injured to fight recklessly!
You feel very buoyant.
You fly up into the air.
The gnoll barely misses you.
The two-headed ogre hits you with a +0 giant spiked club!!
* * * LOW HITPOINT WARNING * * *
The two-headed ogre hits you with a +0 giant club!
You die...

.................# ......'
..............†..## ......'
.............))...####......#
..............)....##g)......
...###...............).#++#..
...# #................##
...###................##
.................Og....#
................@g......#
..........................
...........................
..>.....###................
.>.>.. #................
...... #...............
...... ................
...... ..!............ ....[.


You could see a two-headed ogre and 3 gnolls.

Vanquished Creatures
  A gargoyle (D:10)
  A troll (D:10)
  A hornet (D:9)
  A shadow (D:9)
  A wraith (D:10)
  9 yaks
  An acid dragon (D:9)
  A swamp worm (D:10)
  A water moccasin (D:7)
  An ice beast (D:6)
  A black bear (D:6)
  An ogre (D:7)
  A wolf (D:10)
  5 centaurs
  A phantom (D:5)
  3 kobold brigands
  5 gnoll sergeants
  3 elf zombies (D:7)
  A necrophage (D:6)
  2 bullfrogs
  3 scorpions
  6 water moccasin zombies (Ossuary)
  11 wights
  8 killer bees (D:9)
  4 howler monkeys
  8 hounds
  A jelly (D:6)
  4 gnoll boudas
  3 orc priests
  2 human skeletons (D:7)
  Terence (D:3)
  An iguana (D:7)
  3 orc wizards
  2 mummies (Ossuary)
  32 gnolls
  6 adders
  2 white imps
  An ufetubus (D:4)
  3 adder zombies (Ossuary)
  A worm (D:2)
  2 dart slugs
  25 orcs
  8 endoplasms
  3 giant cockroaches (D:4)
  2 gnoll zombies (Ossuary)
  7 goblins
  3 hobgoblins
  7 jackals
  7 quokkas
  14 ball pythons
  4 bats
  3 frilled lizards (D:2)
  6 hobgoblin zombies (Ossuary)
  10 kobolds
  5 kobold zombies (Ossuary)
  An orc skeleton (D:7)
  8 orc zombies (Ossuary)
  9 rats
267 creatures vanquished.

Vanquished Creatures (others)
  A fungus (D:3)
  24 plants
25 creatures vanquished.

Grand Total: 292 creatures vanquished

Notes
Turn   | Place    | Note
-------+----------+-------------------------------------------
     0 | D:1      | SensoryNuts the Hill Orc Fighter began the quest for the
                  | Orb.
     0 | D:1      | Reached XP level 1. HP: 19/19 MP: 1/1
   151 | D:1      | Reached skill level 3 in Axes
   151 | D:1      | Reached XP level 2. HP: 27/27 MP: 2/2
   914 | D:2      | Found Cufaek's Jewellery Shoppe.
   968 | D:2      | Reached skill level 4 in Axes
   968 | D:2      | Reached XP level 3. HP: 31/33 MP: 3/3
   984 | D:2      | You fall into a shaft and drop 1 floor!
  1077 | D:3      | Reached XP level 4. HP: 17/40 MP: 4/4
  1466 | D:2      | Reached skill level 5 in Axes
  1535 | D:2      | Found Uringi's Antique Weapon Shoppe.
  1689 | D:2      | Found Hent's Antique Armour Emporium.
  1743 | D:2      | Found Movonn's Antique Weapon Emporium.
  2114 | D:3      | Reached XP level 5. HP: 36/46 MP: 5/5
  2202 | D:3      | Reached skill level 6 in Axes
  2650 | D:3      | Found a faded altar of an unknown god.
  2703 | D:3      | Noticed Terence
  2710 | D:3      | Killed Terence
  2711 | D:3      | Reached XP level 6. HP: 51/53 MP: 6/6
  2851 | D:2      | Bought a runed war axe for 136 gold pieces
  3184 | D:4      | Reached skill level 7 in Axes
  3846 | D:5      | Entered Level 5 of the Dungeon
  3902 | D:5      | Reached XP level 7. HP: 57/60 MP: 7/7
  4054 | D:5      | Reached skill level 8 in Axes
  4058 | D:5      | Reached skill level 5 in Fighting
  4843 | D:6      | Found a staircase to the Ecumenical Temple.
  4850 | D:6      | Reached skill level 9 in Axes
  4850 | D:6      | Reached skill level 5 in Armour
  4853 | Temple   | Entered the Ecumenical Temple
  4853 | Temple   | Found a transporter.
  4853 | Temple   | Found a transporter.
  4855 | Temple   | Found a transporter.
  4855 | Temple   | Found a transporter.
  5013 | D:6      | Reached XP level 8. HP: 68/68 MP: 8/8
  5125 | D:6      | Reached skill level 10 in Axes
  5683 | D:7      | Reached skill level 11 in Axes
  5757 | D:7      | Found a transporter.
  5762 | D:7      | Found a transporter.
  5764 | D:7      | Noticed zureal's ghost (novice GrFi)
  5911 | D:7      | Noticed a yak
  5911 | D:7      | Noticed a yak
  5911 | D:7      | Noticed a yak
  5912 | D:7      | Noticed a yak
  5913 | D:7      | Noticed a yak
  5917 | D:7      | Killed a yak
  5918 | D:7      | Reached XP level 9. HP: 70/75 MP: 9/9
  5921 | D:7      | Reached skill level 12 in Axes
  5924 | D:7      | Reached skill level 13 in Axes
  6242 | D:7      | Found a sand-covered staircase.
  6249 | Ossuary  | Entered an ossuary
  6383 | Ossuary  | Reached skill level 5 in Shields
  6565 | D:7      | Reached skill level 14 in Axes
  7462 | D:6      | Reached XP level 10. HP: 62/80 MP: 10/10
  8220 | D:8      | Noticed a two-headed ogre
  8236 | D:8      | HP: 6/124 [wight/+3 falchion (9)]
  8240 | D:8      | HP: 2/84 [poisoned by a killer bee]
  8564 | D:8      | Reached skill level 15 in Axes
  8722 | D:8      | Found Niguhyuz's Overcharged Wands.
  8784 | D:8      | Found a burning altar of Makhleb.
  8784 | D:8      | Found a broken altar of Ashenzari.
  8787 | D:8      | Found a bloodstained altar of Trog.
  9316 | D:2      | Bought a twisted troll leather armour for 380 gold pieces
  9316 | D:2      | Identified the +0 troll leather armour of the Dowdy God
                  | {Regen+ Dex+2} (You bought it in a shop on level 2 of the
                  | Dungeon)
  9489 | D:9      | Found a staircase to the Lair.
  9707 | D:9      | Got the Secrets of Conflict and the Commander
  9719 | D:9      | Paralysed by a hornet for 2 turns
  9999 | D:9      | Reached skill level 1 in Dodging
 10153 | D:9      | Found a basalt altar of Yredelemnul.
 10154 | D:9      | Noticed a flayed ghost
 10156 | D:9      | Found an ancient bone altar of Kikubaaqudgha.
 10273 | D:9      | Found a transporter.
 10314 | D:9      | Found a transporter.
 10549 | D:10     | Entered Level 10 of the Dungeon
 10549 | D:10     | Noticed a two-headed ogre
 10551 | D:10     | a two-headed ogre changed into a swamp worm
 10931 | D:10     | Reached skill level 16 in Axes
 10932 | D:10     | Reached XP level 11. HP: 50/95 MP: 11/11
 11371 | D:10     | Noticed a two-headed ogre
 11390 | D:10     | Slain by a two-headed ogre

Illustrated notes

Levels and vault maps discovered:
D:1:      dpeg_arrival_stone_temple_mockup, layout_loops_ring
D:2:      layout_loops_ring, serial_shops, nicolae_shop_stone, shop, shop,
          shop_statue, st_stairs_6, minmay_tripent
D:3:      layout_loops_cross, dreamdust_ecumenical_altar_hidden_monk_grotto,
          minmay_misc_feat_plants, chequers_serial_rivers_micro_c,
          grunt_ministairs_14, uniq_terence
D:4:      layout_loops_ring, nicolae_grassy_gnolls
D:5:      layout_basic
D:6:      layout_loops_cross, minmay_temple_entry_large_hall, kennysheep_donut,
          chequers_serial_rivers_small_a, minmay_unpleasant_kobolds
D:7:      layout_loops_cross, gammafunk_ghost_hive,
          nicolae_ossuary_entry_catacombs
D:8:      layout_rooms, chequers_temple_overflow_statue_of_worship,
          eino_tiny_chamber, nicolae_shop_overcharged_wands
D:9:      layout_roguey, gammafunk_temple_of_torment, lair_entry_dummy
D:10:     layout_big_octagon, serial_gnoll_camp, gnoll_camp_huts_basic,
          gnoll_camp_mini_hut, gnoll_camp_medium_02, gnoll_camp_mini_doghouse,
          gnoll_camp_mini_sergeant
Temple:   hellmonk_temple_divided_pantheon

Skill      XL: |  1  2  3  4  5  6  7  8  9 10 |
---------------+-------------------------------+-----
Axes           | 3 4 5 6 7 9 11 14 16 | 16.4
Fighting       | 4 5 6 8 |  8.8
Armour         | 4 5 6 7 |  7.8
Shields        | 4 5 6 |  6.3
Dodging        | 1 |  1.5
Stealth        | |  0.8
Evocations     | |  0.5

Action                   |  1- 3 |  4- 6 |  7- 9 | 10-12 || total
-------------------------+-------+-------+-------+-------++-------
Melee: War axe           |    59 |   172 |   278 |   247 ||   756
Evoke: Wand              |       |       |       |     3 ||     3
  Use: Potion            |     1 |     2 |     3 |     5 ||    11
       Scroll            |       |    12 |     8 |     4 ||    24
 Stab: Invisible         |       |       |     1 |       ||     1
Armor: Scale mail        |    39 |    59 |       |       ||    98
       Plate armour      |       |    50 |   138 |   152 ||   340
Dodge: Dodged            |    29 |    59 |    47 |    56 ||   191
Block: Buckler           |    13 |    32 |       |       ||    45
       Kite shield       |       |    16 |    85 |   122 ||   223
